 Dungeon Crawl Stone Soup version 0.18-a0-1789-gbeff17f (webtiles) character file.

121 SkaryMonk the Sneak (level 5, 0/34 HPs)
             Began as an Octopode Assassin on Apr 21, 2016.
             Slain by a worker ant (4 damage)
             ... on level 3 of the Dungeon.
             The game lasted 00:22:06 (1508 turns).

SkaryMonk the Sneak (Octopode Assassin)             Turns: 1508, Time: 00:22:07

Health: 0/34       AC:  1    Str: 11    XL:     5   Next: 5%
Magic:  5/5        EV: 12    Int: 13    God:
Gold:   60         SH:  0    Dex: 14    Spells: 0 memorised, 4 levels left

rFire  . . .     SeeInvis .     a - +2 dagger
rCold  . . .     Gourm    .     (no shield)
rNeg   . . .     Faith    .     (helmet restricted)
rPois  .         Spirit   .     (no amulet)
rElec  .         Dismiss  .     j - ring of resist corrosion
rCorr  +         Reflect  .     (no ring)
SustAt .         Harm     .     (no ring)
MR     .....                    (no ring)
Stlth  ++++......               (no ring)
                                (no ring)
                                (no ring)
                                (no ring)

@: not resistant to hostile enchantments, stealthy
A: almost no armour, amphibious, 8 rings, constrict 8, camouflage 1, gelatinous
body 1
a: no special abilities


You were on level 3 of the Dungeon.
You were not hungry.

You visited 1 branch of the dungeon, and saw 4 of its levels.

You collected 60 gold pieces.

Notes
Turn   | Place    | Note
--------------------------------------------------------------
     0 | D:1      | SkaryMonk the Octopode Assassin began the quest for the Orb.
     0 | D:1      | Reached XP level 1. HP: 14/14 MP: 1/1
   345 | D:1      | Reached XP level 2. HP: 15/19 MP: 2/2
  1072 | D:2      | Reached XP level 3. HP: 24/24 MP: 3/3
  1369 | D:2      | You fall through a shaft for 2 floors!
  1370 | D:4      | Reached XP level 4. HP: 29/29 MP: 4/4
  1423 | D:4      | Noticed macross's ghost (amateur MfCK)
  1436 | D:4      | Noticed a centaur
  1446 | D:4      | Reached skill level 5 in Short Blades
  1446 | D:4      | Reached XP level 5. HP: 26/34 MP: 5/5
  1453 | D:4      | Noticed Grinder
  1462 | D:4      | Noticed a slave
  1487 | D:3      | Noticed Terence
  1508 | D:3      | Slain by a worker ant

Inventory:

Hand Weapons
 a - a +2 dagger (weapon)
 b - a +0 blowgun
 i - a +1 short sword of holy wrath
Missiles
 c - 5 poisoned needles
 d - 2 curare-tipped needles
Jewellery
 j - a ring of resist corrosion (left tentacle)
Wands
 u - a wand of confusion (10/48)
Scrolls
 e - 2 scrolls of teleportation {unknown}
 h - 2 scrolls of amnesia
 m - a scroll of remove curse
 n - a scroll of magic mapping {unknown}
 s - 2 scrolls of identify
Potions
 k - 2 potions of brilliance
 o - 2 potions of cancellation
 p - a potion of cure mutation {unknown}
 r - a potion of magic {unknown}
 t - a potion of might {unknown}
Comestibles
 f - a bread ration
 l - a meat ration
 q - 2 chunks of flesh

Table legend:
 A = Turns spent in this place as a percentage of turns spent in the entire game.
 B = Non-inter-level travel turns spent in this place as a percentage of non-inter-level travel turns spent in the entire game.
 C = Inter-level travel turns spent in this place as a percentage of turns spent in this place.
 D = Turns resting spent in this place as a percentage of non-inter-level travel turns spent in this place.
 E = Turns spent auto-exploring this place as a percentage of non-inter-level travel turns spent in this place.
 F = Non-inter-level travel turns spent in this place divided by the number of levels of this place that you've seen.
                   A       B       C       D       E      F
               +-------+-------+-------+-------+-------+----------------------
         Total | 100.0 | 100.0 |   0.6 |   0.0 |  16.7 |  79.5
       Dungeon | 100.0 | 100.0 |   0.6 |   0.0 |  16.7 |  79.5
               +-------+-------+-------+-------+-------+----------------------


   Skills:
 - Level 2.0 Fighting
 + Level 5.0 Short Blades
 - Level 2.0 Throwing
 - Level 1.0 Dodging
 - Level 5.3 Stealth


You had 4 spell levels left.
You didn't know any spells.

Dungeon Overview and Level Annotations

Branches:
Dungeon (4/15)
 Temple: D:4-7

Altars:

Annotations:
D:3 Terence
D:4 exclusions: orc and orc wizard, Grinder; macross's ghost, amateur MfCK


Innate Abilities, Weirdness & Mutations

You cannot wear most types of armour.
You are amphibious.
You can wear up to eight rings at the same time.
You can use your tentacles to constrict eight enemies at once.
Your skin changes colour to match your surroundings (Stealth).
Your rubbery body absorbs attacks (AC +1).


Message History

You constrict the worker ant, but do no damage.
The worker ant bites you! The gnoll completely misses you.
The worker ant barely misses you.
You hit the worker ant.
The worker ant is moderately wounded.
You constrict the worker ant, but do no damage.
You hit the worker ant but do no damage.
You squeeze the worker ant.
The worker ant is heavily wounded.
You constrict the worker ant. The worker ant bites you.
* * * LOW HITPOINT WARNING * * *
Drink which item? (? for menu, Esc to quit)
You feel better.
You constrict the worker ant. The worker ant bites you.
* * * LOW HITPOINT WARNING * * *
The gnoll hits you with a whip.
* * * LOW HITPOINT WARNING * * *
You hit the worker ant but do no damage.
The worker ant is severely wounded.
You constrict the worker ant. The worker ant bites you.
You die...

#.#. #.. ... #..
#.# #.# #a# #@#
#g# #g# ## #g#
..# #K# .$.. #@#
######.....
#g####.@.......#
#...ggK.>###...
######g..#


You could see Terence, a worker ant, 4 gnolls and a kobold.

Table legend:
 A = Kills in this place as a percentage of kills in entire the game.
 B = Kills by you in this place as a percentage of kills by you in the entire game.
 C = Kills by friends in this place as a percentage of kills by friends in the entire game.
 D = Other kills in this place as a percentage of other kills in the entire game.
 E = Experience gained in this place as a percentage of experience gained in the entire game.
 F = Experience gained in this place divided by the number of levels of this place that you have seen.
                   A       B       C       D       E      F
               +-------+-------+-------+-------+-------+----------------------
         Total | 100.0 | 100.0 |  -nan |  -nan | 100.0 |  43.2
       Dungeon | 100.0 | 100.0 |  -nan |  -nan | 100.0 |  43.2
               +-------+-------+-------+-------+-------+----------------------

Vanquished Creatures
  An orc priest (D:4)
  An orc wizard (D:4)
  A worker ant (D:4)
  2 adders (D:2)
  A giant gecko (D:1)
  4 giant cockroaches
  A hobgoblin (D:1)
  2 kobolds (D:1)
  2 bats
  2 giant newts
  7 goblins
  A quokka skeleton (D:4)
  2 rats
27 creatures vanquished.

Action                   |  1- 3 |  4- 6 || total
-------------------------+-------+-------++-------
Melee: Dagger            |    30 |    10 ||    40
       Constrict         |     3 |     2 ||     5
       Tentacles         |     1 |     1 ||     2
 Fire: Blowgun           |     1 |     3 ||     4
Evoke: Wand              |       |     1 ||     1
  Use: Scroll            |     5 |       ||     5
       Potion            |       |     2 ||     2
 Stab: Sleeping          |    13 |     3 ||    16
  Eat: Chunk             |     1 |     1 ||     2
Armor: Skin              |       |     1 ||     1
Dodge: Dodged            |     6 |     7 ||    13

Vault maps used:
D:1:      minmay_arrival_open_corners
D:3:      minmay_vboxes, uniq_sigmund, uniq_terence, uniq_jessica
D:4:      first_bread, uniq_pikel, uniq_grinder
